 Dungeon Crawl Stone Soup version 0.24.1-1-gd1d2a07e1b (webtiles) character file.

Game seed: 2724727288345413338, levelgen mode: deterministic

34457 Chiseanne the Thrower (level 13, -8/102 HPs)
             Began as a Gnoll Hunter on Apr 10, 2020.
             Was an Initiate of Gozag.
             Killed from afar by a raiju (21 damage)
             ... with a living lightning
             ... on level 2 of the Abyss.
             The game lasted 01:03:58 (18529 turns).

Chiseanne the Thrower (Gnoll Hunter)               Turns: 18529, Time: 01:03:59

Health: -8/102     AC: 25    Str: 17    XL:     13   Next: 77%
Magic:  0/25       EV: 20    Int: 16    God:    Gozag
Gold:   846        SH:  0    Dex: 21    Spells: 23/28 levels left

rFire    . . .     SeeInvis +   a - +4 battleaxe (freeze)
rCold    + . .     Gourm    .   (shield currently unavailable)
rNeg     . . .     Faith    .   k - +4 scale mail {rC+}
rPois    .         Spirit   +   p - +2 helmet {SInv}
rElec    .         Reflect  .   R - +1 cloak
rCorr    +         Harm     .   B - +2 pair of gloves {Dex+3}
MR       .....                  J - +2 pair of boots
Stlth    +++.......             q - amulet of guardian spirit
HPRegen  0.27/turn              i - ring of resist corrosion
MPRegen  0.19/turn              n - +3 ring of evasion

@: gold aura
A: distributed training, fangs 1, agile 1, shaggy fur 1, strong nose
a: Potion Petition, Call Merchant, Bribe Branch, Renounce Religion


You were on level 2 of the Abyss.
You worshipped Gozag.
Gozag was pleased with you.
You were full.

You visited 2 branches of the dungeon, and saw 15 of its levels.
You visited the Abyss 1 time.
You also visited: Ossuary.

You collected 2908 gold pieces.
You spent 591 gold pieces at shops.
You paid 1471 gold pieces to Gozag.

Inventory:

Hand Weapons
 a - a +4 battleaxe of freezing (weapon)
 g - a +3 longbow of flaming
 F - a +0 arbalest
Missiles
 b - 384 arrows
 c - 4 javelins
 d - 3 throwing nets {!*}
 e - 84 sling bullets
 l - 4 boomerangs (quivered)
 s - 19 poisoned darts
 A - 7 curare-tipped darts
 H - 72 bolts
 P - 8 atropa-tipped darts
Armour
 k - a +4 scale mail of cold resistance (worn)
 p - a +2 helmet of see invisible (worn)
 u - a +0 buckler
 B - a +2 pair of gloves of dexterity (worn)
 G - the +1 chain mail of Pogeit {rElec MR+}
   (You found it on level 8 of the Dungeon)

   It insulates you from electricity.
   It affects your resistance to hostile enchantments.
 J - a +2 pair of boots (worn)
 N - a +0 troll leather armour
 R - a +1 cloak (worn)
Magical Staves
 E - an uncursed staff of power
Jewellery
 i - a ring of resist corrosion (left hand)
 n - a +3 ring of evasion (right hand)
 q - an amulet of guardian spirit (around neck)
 w - a +4 amulet of reflection
 I - an uncursed amulet of magic regeneration
 K - a +3 ring of intelligence
 Q - an uncursed amulet of rage
Wands
 M - a wand of random effects (11)
Scrolls
 h - a scroll of noise
 m - 8 scrolls of teleportation
 r - a scroll of fog
 x - 3 scrolls of fear
 y - 6 scrolls of amnesia
 C - 6 scrolls of immolation
 D - 6 scrolls of remove curse
 L - 3 scrolls of magic mapping
 S - a scroll of identify
Potions
 j - 5 potions of flight
 o - a potion of agility
 t - 5 potions of curing
 v - 5 potions of brilliance
 z - 2 potions of heal wounds
 O - a potion of might
Comestibles
 f - 16 rations


   Skills:
 + Level 9.6 Fighting
 + Level 8.4 Short Blades
 + Level 8.4 Long Blades
 + Level 8.4 Axes
 + Level 8.4 Maces & Flails
 + Level 8.4 Polearms
 + Level 8.4 Staves
 + Level 8.4 Slings
 + Level 8.4 Bows
 + Level 8.4 Crossbows
 + Level 11.7 Throwing
 + Level 8.4 Armour
 + Level 9.6 Dodging
 + Level 8.8 Stealth
 + Level 8.4 Shields
 + Level 8.4 Unarmed Combat
 + Level 8.4 Spellcasting
 + Level 7.0 Conjurations
 + Level 7.0 Hexes
 + Level 7.0 Charms
 + Level 7.0 Summonings
 + Level 7.0 Necromancy
 + Level 7.0 Translocations
 + Level 7.0 Transmutations
 + Level 7.0 Fire Magic
 + Level 7.0 Ice Magic
 + Level 7.0 Air Magic
 + Level 7.0 Earth Magic
 + Level 7.0 Poison Magic
 + Level 9.2 Invocations
 + Level 8.4 Evocations


You had 23 spell levels left.
You knew the following spells:

 Your Spells              Type           Power        Failure   Level  Hunger
a - Blink                 Tloc           N/A          2%          2    None
b - Mephitic Cloud        Conj/Pois/Air  ####....     4%          3    #......

Your spell library contained the following spells:

 Spells                   Type           Power        Failure   Level  Hunger
 Corona                   Hex            ####...      1%          1    None
 Freeze                   Ice            ####         1%          1    None
 Magic Dart               Conj           ####         1%          1    None
 Call Imp                 Summ           ####....     2%          2    None
 Ensorcelled Hibernation  Hex/Ice        ####..       2%          2    None
 Slow                     Hex            ####....     2%          2    None
 Throw Frost              Conj/Ice       ####..       2%          2    None
 Confuse                  Hex            ####....     4%          3    #......
 Conjure Flame            Conj/Fire      ####....     4%          3    #......
 Dazzling Spray           Conj/Hex       ####..       4%          3    #......
 Ozocubu's Armour         Chrm/Ice       ####....     4%          3    #......
 Tukima's Dance           Hex            ####....     4%          3    #......
 Summon Ice Beast         Ice/Summ       ####....     16%         4    ###....
 Throw Icicle             Conj/Ice       ####....     16%         4    ###....


Dungeon Overview and Level Annotations

Branches:
Dungeon (14/15)            Temple (1/1) D:4            Lair (0/6) D:9
    Orc (0/2) D:11         Vaults (0/5) D:13        Ossuary (visited)

Altars:
Ashenzari
Cheibriados
Dithmenos
Elyvilon
Fedhas
Gozag
Hepliaklqana
Kikubaaqudgha
Makhleb
Nemelex Xobeh
Okawaru
Qazlal
Ru
Sif Muna
Trog
Uskayaw
Vehumet
Wu Jian
Xom
Yredelemnul
Zin
The Shining One

Shops:
D:9 %   D:10 [   D:12 [

Annotations:
D:7 exclusion: downstairs
D:14 Louise, Urug


Innate Abilities, Weirdness & Mutations

Your experience applies equally to all skills.
You have very sharp teeth.
Your uncanny sense of smell can sniff out nearby items.
You are agile. (Dex +2)
You are covered in fur. (AC +1)


Message History

The hell hound misses you. x2
You slash the hell hound! You freeze the hell hound.
You kill the hell hound!
The hell hound becomes distracted by the nearby gold, dreaming of imaginary riches.
The hell hound bites you but does no damage.
The hell hound barks!
You hit the hell hound but do no damage.
You bite the hell hound, but do no damage.
The hell hound is no longer distracted by gold.
The hell hound completely misses you. The hell hound closely misses you.
You miss the hell hound. The hell hound closely misses you.
You closely miss the raiju. You closely miss the raiju.
A tentacled starspawn comes into view.
The raiju bursts into living lightning!
The living lightning hits you.
* * * LOW HITPOINT WARNING * * *
The living lightning hits you!!
You die...
Your body crumbles into a pile of gold.

. ..# ##
. #.# . .
## # ..##
#. #
#..##
...#..# #
X#..#
#... # #
. .
..###...
# #####
.h#..# ∆
. . .
h#$.##.#
. # #..
##h$....#
# . ..
.##@$..##
.
#..#.###
# #
###### ∆
∆


You could see a tentacled starspawn, a raiju and 2 hell hounds.

Vanquished Creatures
  A tentacled starspawn (Abyss:2)
  Nessos (D:13)
  Erolcha (D:10)
  A yaktaur captain (D:8)
  A centaur warrior (D:13)
  5 two-headed ogres
  A thrashing horror (Abyss:2)
  7 unseen horrors
  Pikel (D:8)
  A wizard (D:13)
  2 ugly things
  A cyclops (D:13)
  3 manticores
  Maurice (D:10)
  A water nymph (D:7)
  Joseph (D:8)
  Psyche (D:8)
  A gargoyle (D:14)
  A kobold demonologist (Abyss:2)
  An ancient zyme (Abyss:2)
  4 trolls
  4 raiju (Abyss:2)
  Grinder (D:3)
  6 slime creatures (D:11)
  A hornet (D:13)
  2 hippogriffs
  A spriggan (D:7)
  A ynoxinul (Abyss:2)
  12 yaks
  2 wyverns
  4 hungry ghosts
  Grum (D:9)
  2 soldier ants
  A water moccasin (D:9)
  3 hell hounds (Abyss:2)
  2 porcupines
  7 orc warriors
  An ice beast (D:10)
  3 sky beasts
  5 black bears
  2 eyes of draining
  5 phantoms
  7 ogres
  2 necrophages (D:7)
  4 wolves (D:9)
  13 centaurs
  A crocodile (D:13)
  3 big kobolds
  7 bullfrogs
  A water moccasin zombie (D:10)
  2 troll zombies (D:11)
  A wyvern skeleton (D:12)
  6 scorpions
  10 wights
  A vampire bat (D:9)
  2 electric eels (D:8)
  3 howler monkeys (D:10)
  7 crimson imps
  4 centaur zombies
  2 quasits (Abyss:2)
  A bullfrog zombie (D:11)
  4 hounds
  A human zombie (Ossuary)
  4 jellies
  4 centaur skeletons
  7 orc priests
  2 bullfrog skeletons
  An iguana (D:8)
  8 worker ants
  Natasha (thrice) (D:4)
  11 orc wizards
  6 ogre zombies (D:11)
  2 hound skeletons
  A hound zombie (D:6)
  2 worker ant zombies
  5 mummies (Ossuary)
  A howler monkey skeleton (D:4)
  17 adders
  A shadow imp (D:10)
  3 oozes
  2 adder skeletons
  5 worms
  2 dart slugs (D:3)
  8 leopard geckos
  28 orcs
  A ball python (D:2)
  4 bats
  4 bat skeletons (D:9)
  2 bat zombies (D:9)
  5 giant cockroaches
  2 gnoll zombies (D:4)
  7 goblins
  6 hobgoblins
  5 jackals
  6 quokkas
  4 frilled lizards
  3 goblin zombies
  2 hobgoblin skeletons (D:11)
  5 hobgoblin zombies (D:11)
  17 kobolds
  4 kobold zombies (Ossuary)
  A leopard gecko zombie (D:7)
  4 orc skeletons (D:11)
  12 orc zombies
  4 quokka skeletons
  A quokka zombie (D:5)
  5 rats
  5 fungi (D:9)
  A plant (D:9)
418 creatures vanquished.

Vanquished Creatures (collateral kills)
  A two-headed ogre (D:12)
  A necrophage (D:12)
  2 kobolds (D:11)
4 creatures vanquished.

Vanquished Creatures (others)
  2 slaves (D:8)
  A hobgoblin zombie (D:11)
  4 starspawn tentacles (Abyss:2)
7 creatures vanquished.

Grand Total: 429 creatures vanquished

Notes
Turn   | Place    | Note
-------+----------+-------------------------------------------
     0 | D:1      | Chiseanne the Gnoll Hunter began the quest for the Orb.
     0 | D:1      | Reached XP level 1. HP: 20/20 MP: 1/1
   416 | D:1      | Reached XP level 2. HP: 23/26 MP: 2/2
   867 | D:2      | Reached XP level 3. HP: 31/31 MP: 3/3
   995 | D:2      | Reached skill level 1 in Invocations
  1416 | D:2      | Reached skill level 1 in Short Blades
  1416 | D:2      | Reached skill level 1 in Long Blades
  1416 | D:2      | Reached skill level 1 in Axes
  1416 | D:2      | Reached skill level 1 in Maces & Flails
  1416 | D:2      | Reached skill level 1 in Polearms
  1416 | D:2      | Reached skill level 1 in Staves
  1416 | D:2      | Reached skill level 1 in Slings
  1416 | D:2      | Reached skill level 1 in Bows
  1416 | D:2      | Reached skill level 1 in Crossbows
  1416 | D:2      | Reached skill level 1 in Armour
  1416 | D:2      | Reached skill level 1 in Shields
  1416 | D:2      | Reached skill level 1 in Unarmed Combat
  1416 | D:2      | Reached skill level 1 in Spellcasting
  1416 | D:2      | Reached skill level 1 in Evocations
  1645 | D:2      | Reached XP level 4. HP: 38/38 MP: 5/5
  2518 | D:3      | Found a shimmering blue altar of Sif Muna.
  2521 | D:3      | Reached skill level 1 in Conjurations
  2521 | D:3      | Reached skill level 1 in Hexes
  2521 | D:3      | Reached skill level 1 in Charms
  2521 | D:3      | Reached skill level 1 in Summonings
  2521 | D:3      | Reached skill level 1 in Necromancy
  2521 | D:3      | Reached skill level 1 in Translocations
  2521 | D:3      | Reached skill level 1 in Transmutations
  2521 | D:3      | Reached skill level 1 in Fire Magic
  2521 | D:3      | Reached skill level 1 in Ice Magic
  2521 | D:3      | Reached skill level 1 in Air Magic
  2521 | D:3      | Reached skill level 1 in Earth Magic
  2521 | D:3      | Reached skill level 1 in Poison Magic
  2526 | D:3      | Found a shadowy altar of Dithmenos.
  2741 | D:3      | Noticed Grinder
  2811 | D:3      | Gained mutation: You are agile. (Dex +2) [potion of
                  | mutation]
  2811 | D:3      | Gained mutation: You are covered in fur. (AC +1) [potion of
                  | mutation]
  2815 | D:3      | Killed Grinder
  2815 | D:3      | Reached XP level 5. HP: 27/43 MP: 5/7
  2815 | D:3      | Reached XP level 6. HP: 31/50 MP: 5/8
  3366 | D:3      | Reached skill level 5 in Fighting
  3366 | D:3      | Reached skill level 5 in Dodging
  3511 | D:3      | Found a stormy altar of Qazlal.
  3803 | D:4      | Noticed Natasha
  3813 | D:4      | Killed Natasha
  3905 | D:4      | Found a staircase to the Ecumenical Temple.
  3913 | D:4      | Reached XP level 7. HP: 39/56 MP: 10/10
  3927 | Temple   | Entered the Ecumenical Temple
  4418 | D:4      | Noticed Natasha
  4424 | D:4      | Killed Natasha
  4528 | D:4      | Noticed Natasha
  4538 | D:4      | Killed Natasha
  4546 | D:4      | Found a sacrificial altar of Ru.
  4547 | D:4      | You fall into a shaft and drop 3 floors!
  4635 | D:6      | Found a sand-covered staircase.
  4657 | Ossuary  | Entered an ossuary
  4686 | Ossuary  | Reached skill level 9 in Throwing
  5143 | Ossuary  | Reached XP level 8. HP: 62/63 MP: 12/12
  5711 | D:5      | Entered Level 5 of the Dungeon
  6103 | D:4      | Found a basalt altar of Yredelemnul.
  6531 | D:5      | Found a bloodstained altar of Trog.
  7082 | D:6      | Found a shadowy altar of Dithmenos.
  7592 | D:7      | Reached XP level 9. HP: 62/67 MP: 14/14
  7719 | D:7      | Noticed Harold
  7791 | D:7      | Noticed Harold
  7791 | D:7      | Harold changed into Harold the water nymph
  7808 | D:7      | Killed Harold the water nymph
  8467 | D:7      | Reached skill level 5 in Stealth
  8833 | D:8      | Noticed a white ugly thing
  8890 | D:8      | Noticed a yaktaur captain
  8939 | D:8      | Killed a yaktaur captain
  8939 | D:8      | Reached skill level 5 in Invocations
  8939 | D:8      | Reached XP level 10. HP: 13/77 MP: 15/17
  8944 | D:8      | Got an ichor-stained chain mail
  9237 | D:8      | Identified the +1 chain mail of Pogeit {rElec MR+} (You
                  | found it on level 8 of the Dungeon)
  9482 | D:8      | Reached skill level 5 in Short Blades
  9482 | D:8      | Reached skill level 5 in Long Blades
  9482 | D:8      | Reached skill level 5 in Axes
  9482 | D:8      | Reached skill level 5 in Maces & Flails
  9482 | D:8      | Reached skill level 5 in Polearms
  9482 | D:8      | Reached skill level 5 in Staves
  9482 | D:8      | Reached skill level 5 in Slings
  9482 | D:8      | Reached skill level 5 in Bows
  9482 | D:8      | Reached skill level 5 in Crossbows
  9482 | D:8      | Reached skill level 5 in Armour
  9482 | D:8      | Reached skill level 5 in Shields
  9482 | D:8      | Reached skill level 5 in Unarmed Combat
  9482 | D:8      | Reached skill level 5 in Spellcasting
  9482 | D:8      | Reached skill level 5 in Evocations
  9517 | D:8      | Noticed Psyche
  9520 | D:8      | Killed Psyche
  9580 | D:8      | Learned a level 2 spell: Blink
  9583 | D:8      | Noticed Pikel
  9607 | D:8      | Killed Pikel
  9607 | D:8      | Reached skill level 10 in Throwing
  9644 | D:8      | Noticed Joseph
  9663 | D:8      | Killed Joseph
 10737 | D:9      | Reached XP level 11. HP: 47/84 MP: 19/19
 11035 | D:9      | Found a staircase to the Lair.
 11060 | D:9      | Found an opulent altar of Gozag.
 11068 | D:9      | Became a worshipper of Gozag Ym Sagoz the Greedy
 11135 | D:9      | Noticed Grum
 11144 | D:9      | Killed Grum
 11849 | D:9      | Found an ancient bone altar of Kikubaaqudgha.
 11983 | D:9      | Found Haxtuax's Food Boutique.
 12029 | D:10     | Entered Level 10 of the Dungeon
 12248 | D:10     | Reached skill level 5 in Conjurations
 12248 | D:10     | Reached skill level 5 in Hexes
 12248 | D:10     | Reached skill level 5 in Charms
 12248 | D:10     | Reached skill level 5 in Summonings
 12248 | D:10     | Reached skill level 5 in Necromancy
 12248 | D:10     | Reached skill level 5 in Translocations
 12248 | D:10     | Reached skill level 5 in Transmutations
 12248 | D:10     | Reached skill level 5 in Fire Magic
 12248 | D:10     | Reached skill level 5 in Ice Magic
 12248 | D:10     | Reached skill level 5 in Air Magic
 12248 | D:10     | Reached skill level 5 in Earth Magic
 12248 | D:10     | Reached skill level 5 in Poison Magic
 12301 | D:10     | Noticed Maurice
 12313 | D:10     | Killed Maurice
 12764 | D:10     | Noticed a two-headed ogre
 12767 | D:10     | Killed a two-headed ogre
 12780 | D:10     | Noticed Erolcha
 13097 | D:10     | Identified the +1 scale mail of the Evil One {Str+3}
 13331 | D:10     | Killed Erolcha
 13468 | D:10     | Found an iron altar of Okawaru.
 13608 | D:10     | Killed an unseen horror
 14077 | D:10     | Bought a +2 pair of gloves of dexterity for 344 gold pieces
 14106 | D:10     | Learned a level 3 spell: Mephitic Cloud
 14230 | D:11     | Killed an unseen horror
 14230 | D:11     | Reached XP level 12. HP: 72/93 MP: 6/22
 14588 | D:11     | Found a staircase to the Orcish Mines.
 15059 | D:11     | Noticed Sonja
 15061 | D:11     | Noticed Sonja
 15061 | D:11     | Sonja changed into Sonja the troll
 15070 | D:11     | Killed Sonja the troll
 15674 | D:12     | Noticed a two-headed ogre
 15685 | D:12     | Killed a two-headed ogre
 15685 | D:12     | Reached skill level 11 in Throwing
 15710 | D:12     | Killed an unseen horror
 16013 | D:12     | Noticed a two-headed ogre
 16019 | D:12     | Killed a two-headed ogre
 16820 | D:12     | Bought a +1 helmet of see invisible for 247 gold pieces
 17077 | D:13     | Noticed Nessos
 17131 | D:13     | Noticed a centaur warrior
 17141 | D:13     | Killed a centaur warrior
 17206 | D:13     | Reached XP level 13. HP: 101/101 MP: 24/24
 17639 | D:13     | Found a gate to the Vaults.
 18262 | D:13     | Killed Nessos
 18293 | D:14     | Noticed Urug
 18293 | D:14     | Noticed Louise
 18299 | D:14     | Cast into level 2 of the Abyss (Louise)
 18368 | Abyss:2  | Noticed a tentacled starspawn
 18384 | Abyss:2  | Killed a tentacled starspawn
 18529 | Abyss:2  | Noticed a tentacled starspawn
 18529 | Abyss:2  | Killed from afar by a raiju

Levels and vault maps discovered:
D:1:      dpeg_arrival_short_road, layout_loops_ring
D:2:      layout_basic, first_ration, nrook_campfire, minmay_increasing_density
D:3:      layout_basic, lemuel_round_altar, minitemple, due_unseen_surprise,
          uniq_grinder
D:4:      layout_loops_cross, lemuel_zombie_altar_yredelemnul,
          nicolae_ru_awakened_eye, temple_doors_cd, minivault_14, uniq_natasha
D:5:      layout_loops_ring, old_standard_altar, grunt_ministairs_8
D:6:      layout_loops_ring, enter_ossuary_1, lemuel_altar_in_water
D:7:      layout_gridville, the_bakery, chequers_serial_rivers_room_b,
          uniq_harold
D:8:      layout_loops_cross, kennysheep_island_fort, uniq_pikel, uniq_joseph,
          uniq_psyche
D:9:      layout_irregular_city, nicolae_overflow_crystal_walls,
          kennysheep_vampire_church, grunt_lair_entry_orc_guard_hut,
          serial_shops, nicolae_shop_trees, uniq_grum
D:10:     nicolae_whirlpool, layout_loops_corners, basic_altar, uniq_erolcha,
          uniq_maurice
D:11:     layout_roguey, zombieorc2_lemuel, grunt_ministairs_2, uniq_sonja
D:12:     layout_irregular_city
D:13:     layout_roguey, david_vaults_1, uniq_nessos
D:14:     minmay_the_grid_triangle_9x9_rhombus_full_mashed
          [minmay_the_grid_triangle_9x9_flanged_cone,
          minmay_the_grid_triangle_9x9_tough_junction,
          minmay_the_grid_triangle_9x9_longest,
          minmay_the_grid_triangle_9x9_odd_lines,
          minmay_the_grid_triangle_9x9_shrine,
          minmay_the_grid_triangle_9x9_zippers_horizontal,
          minmay_the_grid_triangle_9x9_zippers_vertical,
          minmay_the_grid_triangle_9x9_prize_schism], layout_small_grid,
          serial_shops, nicolae_shop_stone, shop, minmay_staircase_bubble,
          sword_in_stone, uniq_azrael, uniq_frances, uniq_kirke
Temple:   eino_temple_water
Abyss:2:  base:
D:4

Skill      XL: |  1  2  3  4  5  6  7  8  9 10 11 12 13 |
---------------+----------------------------------------+-----
Invocations    | 1 2 3 4 5 6 7 8 9 |  9.2
Short Blades   | 1 2 3 4 5 6 7 8 |  8.4
Long Blades    | 1 2 3 4 5 6 7 8 |  8.4
Axes           | 1 2 3 4 5 6 7 8 |  8.4
Maces & Flails | 1 2 3 4 5 6 7 8 |  8.4
Polearms       | 1 2 3 4 5 6 7 8 |  8.4
Staves         | 1 2 3 4 5 6 7 8 |  8.4
Slings         | 1 2 3 4 5 6 7 8 |  8.4
Bows           | 1 2 3 4 5 6 7 8 |  8.4
Crossbows      | 1 2 3 4 5 6 7 8 |  8.4
Armour         | 1 2 3 4 5 6 7 8 |  8.4
Shields        | 1 2 3 4 5 6 7 8 |  8.4
Unarmed Combat | 1 2 3 4 5 6 7 8 |  8.4
Spellcasting   | 1 2 3 4 5 6 7 8 |  8.4
Evocations     | 1 2 3 4 5 6 7 8 |  8.4
Conjurations   | 1 2 3 4 5 6 7 |  7.0
Hexes          | 1 2 3 4 5 6 7 |  7.0
Charms         | 1 2 3 4 5 6 7 |  7.0
Summonings     | 1 2 3 4 5 6 7 |  7.0
Necromancy     | 1 2 3 4 5 6 7 |  7.0
Translocations | 1 2 3 4 5 6 7 |  7.0
Transmutations | 1 2 3 4 5 6 7 |  7.0
Fire Magic     | 1 2 3 4 5 6 7 |  7.0
Ice Magic      | 1 2 3 4 5 6 7 |  7.0
Air Magic      | 1 2 3 4 5 6 7 |  7.0
Earth Magic    | 1 2 3 4 5 6 7 |  7.0
Poison Magic   | 1 2 3 4 5 6 7 |  7.0
Stealth        | 3 4 5 6 7 8 |  8.8
Fighting       | 5 6 7 8 9 |  9.6
Dodging        | 5 6 7 8 9 |  9.6
Throwing       | 9 10 11 | 11.7

Action                   |  1- 3 |  4- 6 |  7- 9 | 10-12 | 13-15 || total
-------------------------+-------+-------+-------+-------+-------++-------
Melee: Short sword       |    32 |       |       |       |       ||    32
       Bite              |     6 |    12 |    49 |    80 |    26 ||   173
       Hand axe          |    54 |   141 |   408 |       |       ||   603
       War axe           |       |       |    75 |    18 |       ||    93
       Battleaxe         |       |       |       |   576 |   146 ||   722
Throw: Javelin           |     3 |     9 |    10 |     8 |     1 ||    31
       Dart              |     4 |     7 |    92 |    35 |       ||   138
       Throwing net      |       |     1 |     1 |       |       ||     2
       Boomerang         |       |       |    16 |    58 |    38 ||   112
Invok: Call Merchant     |       |       |       |     2 |       ||     2
       Potion Petition   |       |       |       |     1 |       ||     1
 Abil: Evoke Berserk Rag |       |     1 |       |     1 |       ||     2
Evoke: Wand              |       |       |     6 |    58 |     1 ||    65
  Use: Scroll            |     7 |     6 |     7 |     5 |     5 ||    30
       Potion            |       |     1 |     3 |       |     7 ||    11
 Stab: Sleeping          |     5 |     1 |    11 |     9 |     3 ||    29
       Held in net/web   |       |     1 |     1 |       |       ||     2
       Distracted        |       |       |     1 |     2 |     2 ||     5
  Eat: Chunk             |     2 |     8 |    14 |     8 |       ||    32
       Ration            |       |       |     1 |    10 |     2 ||    13
Armor: Leather armour    |     3 |       |       |       |       ||     3
       Ring mail         |    31 |    37 |    84 |       |       ||   152
       Scale mail        |       |       |    48 |   211 |    98 ||   357
       Chain mail        |       |       |       |   221 |       ||   221
Dodge: Dodged            |    62 |    82 |   292 |   489 |   236 ||  1161
Block: Buckler           |       |    22 |   117 |     5 |       ||   144
